 Dungeon Crawl Stone Soup version 0.30-a0-779-g7971cf19c3 (webtiles) character file.

Game seed: 14129654131920992698

3610 cforsyth the Destroyer (level 10, -17/50 HPs)
             Began as a Tengu Fire Elementalist on Feb 17, 2023.
             Was a Priest of Vehumet.
             Demolished by an orc knight
             ... wielding a +0 war axe
              (25 damage)
             ... in a bailey on Feb 18, 2023.
             The game lasted 00:24:32 (10197 turns).

cforsyth the Destroyer (Tengu Fire Elementalist)   Turns: 10197, Time: 00:24:32

Health: -17/50     AC:  4    Str: 14    XL:     10   Next: 11%
Magic:  24/32      EV: 14    Int: 15    God:    Vehumet [***...]
Gold:   418        SH:  0    Dex: 14    Spells: 21/25 levels left

rFire   . . .      SeeInvis .    G - +4 morningstar (freeze)
rCold   . . .      Faith    .    (no shield)
rNeg    . . .      Spirit   .    m - +2 robe {Archmagi}
rPois   .          Reflect  .    (helmet restricted)
rElec   .          Harm     .    (no cloak)
rCorr   .          Rampage  .    (no gloves)
Will    .....      Archmagi +    (boots unavailable)
Stlth   ++                       (no amulet)
HPRegen 0.28/turn                D - ring of magical power
MPRegen 0.23/turn                (no ring)

@: lethally poisoned (-17 -> -25), about to teleport, flying quickly and
evasively, slowed, very slow
A: beak, talons 3, nimble flight
a: Renounce Religion


You were in a bailey.
You worshipped Vehumet.
Vehumet was most pleased with you.
You visited 2 branches of the dungeon, and saw 9 of its levels.
You also visited: Sewer and Bailey.

You collected 418 gold pieces.

Inventory:

Hand Weapons
 C - a +1 dagger of protection
 E - a +0 triple sword
 G - a +4 morningstar of freezing (weapon)
Armour
 m - a +2 robe of the Archmagi (worn)
Jewellery
 D - a ring of magical power (left hand)
Wands
 a - a wand of iceblast (8)
 r - a wand of flame (22)
 s - a wand of digging (4)
Scrolls
 c - 2 scrolls of vulnerability {unknown}
 d - 2 scrolls of enchant armour {unknown}
 e - 5 scrolls of teleportation
 g - 2 scrolls of immolation {unknown}
 h - 2 scrolls of poison {unknown}
 i - a scroll of brand weapon {unknown}
 j - a scroll of magic mapping
 l - 10 scrolls of identify {unknown}
 n - a scroll of fog {unknown}
 q - a scroll of enchant weapon {unknown}
 t - a scroll of noise {unknown}
 y - a scroll of butterflies {unknown}
 F - a scroll of amnesia {unknown}
Potions
 b - 2 potions of magic
 f - 4 potions of brilliance {unknown}
 k - 3 potions of curing {unknown}
 o - 3 potions of mutation {unknown}
 p - a potion of flight {unknown}
 u - a potion of degeneration {unknown}
 v - a potion of berserk rage {unknown}
 w - a potion of lignification {unknown}
 x - a potion of heal wounds
 z - 3 potions of cancellation {unknown}
 A - a potion of attraction {unknown}
 B - 2 potions of might {unknown}


   Skills:
 - Level 2.1 Dodging
 - Level 2.0 Stealth
 + Level 8.4 Spellcasting
 + Level 11.6 Conjurations
 - Level 5.0 Summonings
 - Level 6.3 Fire Magic


You had 21 spell levels left.
You knew the following spells:

 Your Spells              Type           Power      Damage    Failure   Level
a - Foxfire               Conj/Fire      100%       2x1d9     1%          1
c - Call Canine Familiar  Summ           32%        N/A       4%          3

Your spell library contained the following spells:

 Spells                   Type           Power      Damage    Failure   Level
 Ignite Poison            Fire/Tmut/Pois 18%        N/A       4%          3
 Scorch                   Fire           74%        2d8       1%          2
 Dazzling Flash           Conj/Hex       70%        N/A       1%          3
 Flame Wave               Conj/Fire      49%        2d12      1%          4
 Inner Flame              Hex/Fire       23%        N/A       2%          3
 Sandblast                Erth           18%        2d7       3%          1
 Iskenderun's Mystic Bla  Conj/Tloc      35%        2d8       3%          4
 Poisonous Vapours        Pois/Air       18%        N/A       4%          2
 Kindle Blastsparks       Fire/Tloc/Air  36%        2d13      4%          3
 Arcjolt                  Conj/Air       17%        1d27      9%          5
 Sting                    Tmut/Pois      36%        1d4       12%         1
 Starburst                Conj/Fire      24%        6d8       12%         6
 Olgreb's Toxic Radiance  Pois           9%         N/A       28%         4
 Portal Projectile        Hex/Tloc       18%        N/A       34%         3
 Vhi's Electric Charge    Tloc/Air       18%        N/A       34%         3
 Leda's Liquefaction      Hex/Erth       4%         N/A       75%         4
 Manifold Assault         Tloc           9%         N/A       75%         4
 Petrify                  Tmut/Erth      9%         N/A       75%         4
 Metabolic Englaciation   Hex/Ice        4%         N/A       97%         5
 Statue Form              Tmut/Erth      6%         N/A       100%        6
 Ozocubu's Refrigeration  Ice            4%         4d8       100%        7
 Maxwell's Capacitive Co  Air            4%         ∞         100%        8


Dungeon Overview and Level Annotations

Branches:
Dungeon (8/15)             Temple (1/1) D:4            Lair (0/5) D:8
  Sewer (visited)          Bailey (1/1)

Altars:
Cheibriados
Elyvilon
Fedhas
Gozag
Hepliaklqana
Kikubaaqudgha
Makhleb
Okawaru
Qazlal
Ru
Sif Muna
Trog
Uskayaw
Vehumet
Wu Jian
Yredelemnul
Zin
The Shining One

Annotations:
D:7 1 runed translucent door, Juicyj's ghost, novice GnNe


Innate Abilities, Weirdness & Mutations

You have a beak for a mouth.
You have claws for feet.
Your magical nature lets you fly swiftly and evasively.


Message History

You are more poisoned.
The orc knight hits your hound with a +0 war axe!!
Your hound dies!
Your hound's corpse disappears in a puff of smoke!
Casting: Call Canine Familiar (dangerous; 4% risk of failure)
Confirm with . or Enter, or press ? or * to list all spells.
You feel a surge of power!
You feel very sick.
The kobold brigand throws a curare-tipped dart.
The curare-tipped dart hits you.
You are more poisoned.
You have difficulty breathing.
You feel as though you will be slow longer.
* * * LOW HITPOINT WARNING * * *
You feel extremely sick.
Your hound bites the kobold brigand.
The kobold brigand hits you with a +0 war axe!
* * * LOW HITPOINT WARNING * * *
The kobold brigand hits your hound with a +0 war axe.
You feel much better.
* * * LOW HITPOINT WARNING * * *
You feel very sick.
Your hound barely misses the kobold brigand.
The orc warrior throws an atropa-tipped dart.
The atropa-tipped dart closely misses your hound.
The atropa-tipped dart hits the kobold brigand!
The kobold brigand appears confused.
The kobold brigand asks, "Where am I?"
As you read the scroll of teleportation, it crumbles to dust.
You feel strangely unstable.
* * * LOW HITPOINT WARNING * * *
You feel very sick.
The orc warrior no longer looks unusually strong.
Your hound bites the kobold brigand but does no damage.
The orc warrior closely misses your hound.
The kobold brigand closely misses your hound.
The orc warrior closely misses your hound.
The orc knight hits you with a +0 war axe!!
Ouch! That really hurt!
You die...

..~~.......~~....#
##~).......~~###.#
..~~.......~~....#
##~~.......~~###.#
..~(...).(.~~....#
##~~..ooK(.~~#####
##~..KhK..~##
####o.(#### #.@.#
#...# #...#
##'''## ##..∩..##
#.......#
#...∩...#
##.....## #######


You could see an orc knight, 2 orc warriors, 3 kobold brigands and a friendly
hound (summoned).

Vanquished Creatures
  A troll (D:6)
  Sigmund (D:4)
  3 water moccasins
  3 sky beasts
  A black bear (D:4)
  3 orc warriors
  2 ogres
  2 centaurs (D:6)
  4 kobold brigands
  A bullfrog (D:7)
  A gnoll sergeant (D:7)
  A necrophage (D:4)
  5 scorpions
  4 wights (D:6)
  A killer bee (D:8)
  A howler monkey (D:7)
  A jelly (D:7)
  An orc priest (D:6)
  A hound (D:5)
  A gnoll bouda (D:5)
  An iguana (D:7)
  6 orc wizards
  15 gnolls
  19 adders
  2 river rats (Sewer)
  A shadow imp (D:6)
  A white imp (D:7)
  2 worms
  2 dart slugs
  32 orcs
  5 bats
  11 endoplasms
  5 giant cockroaches
  13 goblins
  21 hobgoblins
  2 jackals (D:4)
  20 kobolds
  4 quokkas
  14 ball pythons
  A frilled lizard (D:2)
  4 rats
219 creatures vanquished.

Vanquished Creatures (collateral kills)
  An orc warrior (Bailey)
  An orc (D:8)
2 creatures vanquished.

Vanquished Creatures (others)
  1237 foxfires
  2 plants (D:6)
1239 creatures vanquished.

Grand Total: 1460 creatures vanquished

Notes
Turn   | Place    | Note
-------+----------+-------------------------------------------
     0 | D:1      | cforsyth the Tengu Fire Elementalist began the quest for
                  | the Orb.
     0 | D:1      | Reached XP level 1. HP: 10/10 MP: 4/4
   324 | D:1      | Reached XP level 2. HP: 15/15 MP: 0/6
   415 | D:1      | Reached skill level 2 in Conjurations
  1054 | D:2      | Reached XP level 3. HP: 19/19 MP: 4/7
  1210 | D:2      | Found a faded altar of an unknown god.
  1213 | D:2      | You fall into a shaft and drop 1 floor!
  1813 | D:2      | Reached skill level 3 in Conjurations
  1818 | D:2      | Reached XP level 4. HP: 24/24 MP: 2/9
  2840 | D:3      | Gained mutation: Your magical nature lets you fly swiftly
                  | and evasively. [Tengu growth]
  2840 | D:3      | Reached XP level 5. HP: 28/28 MP: 5/10
  3465 | D:4      | Noticed Sigmund
  3472 | D:4      | Killed Sigmund
  3473 | D:4      | Reached skill level 4 in Conjurations
  3473 | D:4      | Reached skill level 5 in Fire Magic
  3473 | D:4      | Reached XP level 6. HP: 32/32 MP: 5/12
  3477 | D:4      | Reached skill level 5 in Conjurations
  3632 | D:4      | Noticed a black bear
  3639 | D:4      | Killed a black bear
  3640 | D:4      | Reached XP level 7. HP: 36/36 MP: 4/14
  3743 | D:4      | Found a blossoming altar of Fedhas.
  4067 | D:4      | Reached skill level 6 in Conjurations
  4215 | D:4      | Found a staircase to the Ecumenical Temple.
  4220 | Temple   | Entered the Ecumenical Temple
  4225 | Temple   | Became a worshipper of Vehumet
  4313 | D:4      | Found a shimmering blue altar of Sif Muna.
  4435 | D:4      | Got Sif Muna's Quarto of the Rocks
  4769 | D:5      | Entered Level 5 of the Dungeon
  4878 | D:5      | Reached XP level 8. HP: 41/41 MP: 6/16
  5033 | D:5      | Reached skill level 1 in Summonings
  5072 | D:5      | Reached skill level 5 in Spellcasting
  5207 | D:5      | Reached skill level 7 in Conjurations
  5366 | D:5      | Reached * piety under Vehumet
  5366 | D:5      | Offered knowledge of Kiss of Death by Vehumet.
  5868 | D:6      | Found a glowing drain.
  5906 | Sewer    | Entered a sewer
  6329 | Sewer    | Reached skill level 8 in Conjurations
  6506 | D:6      | Reached ** piety under Vehumet
  6508 | D:6      | Offered knowledge of Searing Ray by Vehumet.
  6610 | D:6      | Reached XP level 9. HP: 32/45 MP: 6/19
  6759 | D:6      | Learned a level 3 spell: Call Canine Familiar
  7067 | D:6      | Reached skill level 5 in Summonings
  7502 | D:5      | Reached skill level 9 in Conjurations
  7854 | D:6      | Found a hide-covered altar of Uskayaw.
  8080 | D:6      | Found an ornate altar of the Wu Jian Council.
  8080 | D:6      | Found an opulent altar of Gozag.
  8080 | D:6      | Found an ancient bone altar of Kikubaaqudgha.
  8080 | D:6      | Found an iron altar of Okawaru.
  8812 | D:7      | Reached skill level 10 in Conjurations
  8818 | D:7      | Offered knowledge of Static Discharge by Vehumet.
  8823 | D:7      | Noticed a troll
  8835 | D:6      | HP: 1/45 [troll (15)]
  9103 | D:6      | Killed a troll
  9276 | D:7      | Found a runed translucent door.
  9449 | D:7      | Noticed Juicyj's ghost (novice GnNe)
  9598 | D:7      | Reached *** piety under Vehumet
  9667 | D:7      | Got Sif Muna's Notes on Glaciation and Displacement
  9677 | D:7      | Reached skill level 11 in Conjurations
  9839 | D:8      | Found a staircase to the Lair.
  9866 | D:8      | HP: 2/45 [killer bee (6)]
  9892 | D:8      | Reached XP level 10. HP: 33/50 MP: 23/23
 10014 | D:8      | Found a flagged portal.
 10024 | Bailey   | Entered a bailey
 10101 | Bailey   | Offered knowledge of Ignite Poison by Vehumet.
 10165 | Bailey   | Noticed an orc knight
 10197 | Bailey   | Demolished by an orc knight

Illustrated notes

Levels and vault maps discovered:
D:1:      wander_arrival_fairy_ring, layout_rooms
D:2:      layout_rooms, nicolae_ecumenical_snake_handling, minmay_tromino_v4_a
D:3:      layout_rooms
D:4:      layout_basic, led_sif_book, mainiacjoe_overflow_small_starburst,
          temple_doors_e, uniq_sigmund
D:5:      layout_basic
D:6:      corexii_shantytown, layout_basic, grunt_temple_overflow_cloverleaf,
          mainiacjoe_overflow_six_doors_small, portal_sewer_entry_f
D:7:      layout_cave_pools, gammafunk_ghost_grave
D:8:      layout_gridville, nemelex_spade_bored_becter, kennysheep_little_box,
          lair_entry_dummy, enter_bailey_4
Temple:   minmay_freezing_vapour_temple
Bailey:   bailey_axe_3, bailey

Skill      XL: |  1  2  3  4  5  6  7  8  9 |
---------------+----------------------------+-----
Conjurations   | 2 3 4 5 6 8 11 | 11.6
Fire Magic     | 4 5 6 |  6.3
Spellcasting   | 3 4 6 8 |  8.4
Summonings     | 4 5 |  5.0
Dodging        | |  2.1
Stealth        | |  2.0

Action                     |  1- 3 |  4- 6 |  7- 9 | 10-12 || total
---------------------------+-------+-------+-------+-------++-------
  Melee: Unarmed           |     3 |       |     4 |       ||     7
         Peck              |     1 |       |     2 |       ||     3
         Kick              |     1 |       |     1 |       ||     2
         Dagger            |       |       |     1 |       ||     1
   Cast: Foxfire           |   108 |   110 |   437 |    46 ||   701
         Call Canine Famil |       |       |     3 |     5 ||     8
    Use: Scroll            |     1 |       |     3 |     1 ||     5
         Potion            |       |       |     1 |     2 ||     3
 Armour: Robe              |     2 |     4 |    15 |     1 ||    22
  Dodge: Dodged            |    13 |     9 |    60 |     9 ||    91

Table legend: (Time is in decaauts)
 A = Elapsed time spent in this place.
 B = Non-inter-level travel time spent in this place.
 C = Inter-level travel time spent in this place.
 D = Time resting spent in this place.
 E = Time spent auto-exploring this place.
 F = Levels seen in this place.
 G = Mean time per level.
                   A        B        C        D        E       F      G
               +--------+--------+--------+--------+--------+-----+--------+
         Total |   9876 |   9697 |    179 |   1316 |   6551 |  11 |  897.8 |
       Dungeon |   9172 |   8997 |    175 |   1316 |   6085 |   8 | 1146.5 |
        Temple |     10 |      6 |      4 |      0 |      0 |   1 |   10.0 |
         Sewer |    523 |    523 |      0 |      0 |    351 |   1 |  523.0 |
        Bailey |    170 |    170 |      0 |      0 |    114 |   1 |  170.0 |
               +--------+--------+--------+--------+--------+-----+--------+

Top non-repeatable levels by time:
     D:6: 1875 daAuts
     D:5: 1725 daAuts
     D:2: 1384 daAuts
     D:4: 1277 daAuts
     D:1: 1051 daAuts
     D:3: 966 daAuts
     D:7: 722 daAuts
   Sewer: 523 daAuts
     D:8: 171 daAuts
  Bailey: 170 daAuts
  Temple: 10 daAuts
